 Dungeon Crawl Stone Soup version 0.20-a0-313-g10ed074 (webtiles) character file.

17 Junicave the Digger (level 2, -4/15 HPs)
             Began as a Gargoyle Earth Elementalist on Dec 20, 2016.
             Slain by a worker ant (6 damage)
             ... on level 1 of the Dungeon.
             The game lasted 00:02:16 (947 turns).

Junicave the Digger (Gargoyle Earth Elementalist)    Turns: 947, Time: 00:02:17

Health: -4/15      AC:  4    Str: 11    XL:     2   Next: 62%
Magic:  1/5        EV: 12    Int: 15    God:
Gold:   34         SH:  0    Dex: 10    Spells: 5/6 levels left

rFire  . . .     SeeInvis .     (no weapon)
rCold  . . .     Gourm    .     c - +0 robe
rNeg   + . .     Faith    .     (no shield)
rPois  ∞         Spirit   .     (no helmet)
rElec  +         Reflect  .     (no cloak)
rCorr  .         Harm     .     (no gloves)
MR     .....                    (no boots)
Stlth  ++........               (no amulet)
                                (no ring)
                                (no ring)

@: no status effects
A: negative energy resistance 1, electricity resistance, unbreathing,
petrification resistance, rot immunity, AC +2
a: no special abilities


You were on level 1 of the Dungeon.
You were not hungry.

You visited 1 branch of the dungeon, and saw 1 of its levels.

You collected 34 gold pieces.

Inventory:

Missiles
 b - 45 stones (quivered)
Armour
 c - a +0 robe (worn)
Scrolls
 a - 2 scrolls of fear {unknown}
 f - 2 scrolls of identify {unknown}
 g - 2 scrolls of remove curse {unknown}
 j - 3 scrolls of amnesia {unknown}
 k - 2 scrolls of blinking {unknown}
Books
 e - a book of Geomancy

   Spells                             Type                      Level
   a - Sandblast                      Earth                        1
   b - Passwall                       Transmutation/Earth          2
   c - Stone Arrow                    Conjuration/Earth            3
   d - Petrify                        Transmutation/Earth          4
   e - Lee's Rapid Deconstruction     Earth                        5
Comestibles
 d - 2 bread rations
 h - a slice of pizza
 i - a chunk of flesh


   Skills:
 - Level 1.5 Dodging
 - Level 2.1 Stealth
 * Level 2.7 Spellcasting
   Level 0.7 Transmutations
 + Level 3.9 Earth Magic


You had 5 spell levels left.
You knew the following spells:

 Your Spells              Type           Power        Failure   Level  Hunger
a - Sandblast             Erth           ##....       4%          1    #......


Dungeon Overview and Level Annotations

Branches:
Dungeon (1/15)

Altars:


Innate Abilities, Weirdness & Mutations

You are resistant to torment.
Your stone body is resilient. (AC +2)
You are immune to poison.
You resist negative energy. (rN+)
You are resistant to electric shocks. (rElec)
You can survive without breathing.
You are immune to petrification.
You are immune to rotting.


Message History

Confirm with . or Enter, or press ? or * to list all spells.
Aiming: Sandblast
Press: ? - help, Shift-Dir - straight line, f/p - worker ant
Aim: a worker ant The blast of sand hits the worker ant.
The worker ant bites you.
Casting: Sandblast
Confirm with . or Enter, or press ? or * to list all spells.
You don't know that spell.
Unknown command.
You hit the worker ant but do no damage.
The worker ant bites you.
* * * LOW HITPOINT WARNING * * *
The worker ant barely misses you.
Casting: Sandblast
Confirm with . or Enter, or press ? or * to list all spells.
Aiming: Sandblast
Press: ? - help, Shift-Dir - straight line, f/p - worker ant
Aim: a worker ant The blast of sand hits the worker ant.
The worker ant bites you.
You die...

#.#..##.#....###..#..#.#..
#####.#..##.#.##..#..#.#..#...
.........##.#.......#...#.....
#####....##)#..#####.....#####
#...........#...........#.
#....##.###..#.........#..
#.........#..#....<....#..
#...........#...........#.
..........@a#####.....#####
####.##....#......#...#.....
.........)....#..#.#..####
##.......###.###..#..##...
.........# #.# #....###...
.#####...#...# #..........
#.......#.#.# ##.########
...#.#...#.#.# #.# #
#.#...#.######.#######.


You could see a worker ant.

Vanquished Creatures
  A dart slug (D:1)
  A leopard gecko (D:1)
  A giant cockroach (D:1)
  A goblin (D:1)
  3 hobgoblins (D:1)
  3 bats (D:1)
  2 kobolds (D:1)
  A rat (D:1)
13 creatures vanquished.

Notes
Turn   | Place    | Note
-------+----------+-------------------------------------------
     0 | D:1      | Junicave the Gargoyle Earth Elementalist began the quest for the Orb.
     0 | D:1      | Reached XP level 1. HP: 10/10 MP: 3/3
   415 | D:1      | Reached XP level 2. HP: 15/15 MP: 0/5
   947 | D:1      | Slain by a worker ant

Vault maps used:
D:1:      scummos_arrival_star

Action                   || total
-------------------------++-------
Melee: Unarmed           ||    64
 Cast: Sandblast         ||    19
 Stab: Sleeping          ||     2
Armor: Robe              ||    25
Dodge: Dodged            ||    54
